 Dungeon Crawl Stone Soup version 0.29.0-4-gdea44cf6ec (webtiles) character file.

Game seed: 9353371222705341850

49 qw the Chopper (level 3, 0/23 HPs)
             Began as a Gargoyle Berserker on Sept 6, 2022.
             Was a Believer of Trog.
             Slain by an orc
             ... wielding a +0 club
              (2 damage)
             ... on level 3 of the Dungeon.
             The game lasted 00:00:47 (2736 turns).

qw the Chopper (Gargoyle Berserker)                 Turns: 2736, Time: 00:00:47

Health: 0/23       AC:  9    Str: 22    XL:     3   Next: 75%
Magic:  3/3        EV: 10    Int:  7    God:    Trog [**....]
Gold:   19         SH:  0    Dex:  9    Spells: 2/2 levels left

rFire   . . .      SeeInvis .   Y - +1 hand axe
rCold   . . .      Faith    .   (no shield)
rNeg    + . .      Spirit   .   b - +0 scale mail
rPois   inf        Reflect  .   (no helmet)
rElec   +          Harm     .   (no cloak)
rCorr   .          Rampage  .   (no gloves)
Will    .....                   (no boots)
Stlth   ..........              c - amulet of regeneration
HPRegen 0.87/turn               (no ring)
MPRegen 0.08/turn               (no ring)

@: no status effects
A: sickness immunity, AC +3, negative energy resistance 1, electricity
resistance, torment resistance 1, petrification resistance
a: Renounce Religion, Berserk, Trog's Hand


You were on level 3 of the Dungeon.
You worshipped Trog.
Trog was pleased with you.
You visited 1 branch of the dungeon, and saw 3 of its levels.

You collected 41 gold pieces.
You spent 22 gold pieces at shops.


Innate Abilities, Weirdness & Mutations

You are immune to sickness and miasma.
Your stone body is resilient. (AC +3)
You are immune to poison.
You resist negative energy. (rN+)
You are resistant to electric shocks. (rElec)
You are resistant to unholy torment.
You are immune to petrification.


   Skills:
 - Level 3.2 Fighting
 + Level 4.2 Axes
 - Level 2.1 Armour
 - Level 1.5 Dodging


You had 2 spell levels left.
You didn't know any spells.
Your spell library was empty.

Inventory:

Hand Weapons
 d - a +0 flail
 Y - a +1 hand axe (weapon)
Armour
 b - a +0 scale mail (worn)
Jewellery
 c - an amulet of regeneration (around neck)
Scrolls
 a - a scroll of teleportation
 j - a scroll of identify
Potions
 h - a potion of flight {unknown}
 k - a potion of heal wounds

Dungeon Overview and Level Annotations

Branches:
Dungeon (3/15)

Altars:

Shops:
D:2 ?


Message History

An adder comes into view.
The adder moves out of view.
There is a stone staircase leading up here.
2726 ||| STAIRDANCE The orc barely misses you.
The orc closely misses you. The orc hits you with a +0 club.
You climb upwards.
There is a stone staircase leading down here.
You closely miss the orc. You slash the orc!
You kill the orc!
Trog accepts your kill.
You hit the orc. The orc barely misses you. x2
You hit the orc.
The orc is heavily wounded.
You closely miss the orc. The orc hits you with a +0 hand axe.
The orc hits you but does no damage.
You slash the orc!
You kill the orc!
Trog accepts your kill.
You hit the orc. The orc hits you but does no damage.
You slash the orc!
You kill the orc!
Trog accepts your kill.
You start resting.
HP restored.
Done exploring.
(D) Dungeon
Where to? (* - list waypoints, Enter - D:3, ? - help)
What level of the Dungeon? (default 1, ? - help)
You climb downwards.
The orc shouts!
The goblin shouts!
You hear a shout! x2
The orc priest invokes the aid of Beogh against you.
Beogh smites you!
Ouch! That really hurt!
The orc hits you but does no damage. The goblin hits you with a +0 dagger.
The endoplasm freezes you.
You are frozen.
The orc hits you with a +0 club.
You die...

#.... #...
#oo. #..
######..
#....So#
#....Jo#
#.[..o@#
#....g.Soo(...
#....<.##.....
#......# ...>
#......# ...
###.#### .. ..
. ...


You could see an orc priest, 2 orc wizards, 2 adders, 4 orcs, an endoplasm and a
goblin.

Vanquished Creatures
  A worm (D:2)
  A dart slug (D:1)
  3 orcs (D:2)
  5 endoplasms
  A giant cockroach (D:1)
  5 goblins
  2 hobgoblins (D:1)
  A quokka (D:1)
  4 ball pythons (D:1)
  4 bats
  3 frilled lizards (D:1)
  2 kobolds (D:1)
  10 rats
42 creatures vanquished.

Notes
Turn   | Place    | Note
-------+----------+-------------------------------------------
     0 | D:1      | qw the Gargoyle Berserker began the quest for the Orb.
     0 | D:1      | Reached XP level 1. HP: 14/14 MP: 1/1
     0 | D:1      | 0 ||| qw: Version: 0.1-a-108-g9e35731
     0 | D:1      | 0 ||| qw: Game counter: 6241
     0 | D:1      | 0 ||| qw: Always use a shield: true
     0 | D:1      | 0 ||| qw: Do Orc after D:15 true
     0 | D:1      | 0 ||| qw: Do second Lair branch before Depths: true
     0 | D:1      | 0 ||| qw: Lair rune preference: random
     0 | D:1      | 0 ||| qw: Plans: Normal
     0 | D:1      | 0 ||| PLANNING D:1-11
   245 | D:1      | Reached skill level 3 in Axes
   428 | D:1      | Reached XP level 2. HP: 19/19 MP: 2/2
   714 | D:1      | 714 ||| DROPPING +0 club.
   854 | D:1      | 854 ||| Stepping ~*~*~tactically~*~*~ (stealth).
   864 | D:1      | 864 ||| Stepping ~*~*~tactically~*~*~ (stealth).
   935 | D:1      | 935 ||| Stepping ~*~*~tactically~*~*~ (hiding).
  1109 | D:1      | Reached XP level 3. HP: 23/23 MP: 3/3
  1190 | D:1      | Reached ** piety under Trog
  1432 | D:1      | 1432 ||| Stepping ~*~*~tactically~*~*~ (stealth).
  1433 | D:1      | 1433 ||| Stepping ~*~*~tactically~*~*~ (stealth).
  1447 | D:1      | 1447 ||| Stepping ~*~*~tactically~*~*~ (stealth).
  1846 | D:1      | 1846 ||| UPGRADING to +0 ring mail.
  1856 | D:1      | 1856 ||| DROPPING +0 animal skin.
  1857 | D:1      | 1857 ||| DROPPING amulet of faith.
  1858 | D:1      | 1858 ||| READING 2 scrolls labelled YGURE OGROESOX.
  1861 | D:1      | 1861 ||| READING scroll labelled REOKIH RYHEALUOL.
  1862 | D:1      | 1862 ||| READING scroll labelled MUMUSH LORAOHIRPH.
  1863 | D:1      | 1863 ||| READING 3 scrolls labelled HUTAX UH QAH.
  1864 | D:1      | 1864 ||| READING scroll labelled JUAR NE KOQ.
  1865 | D:1      | 1865 ||| READING scroll labelled XESCHI NOUQU.
  1866 | D:1      | 1866 ||| READING scroll labelled POSASUUC CAHULOUT.
  1867 | D:1      | 1867 ||| READING scroll labelled INIAHO ZUZXU.
  1868 | D:1      | 1868 ||| DRINKING 2 smoky orange potions.
  1869 | D:1      | 1869 ||| READING 2 scrolls of identify.
  1869 | D:1      | 1869 ||| IDENTIFYING murky cyan potion
  1870 | D:1      | 1870 ||| DROPPING potion of ambrosia.
  2104 | D:2      | 2104 ||| Stepping ~*~*~tactically~*~*~ (stealth).
  2112 | D:2      | Reached skill level 4 in Axes
  2144 | D:2      | 2144 ||| INVOKING Berserk.
  2299 | D:2      | 2299 ||| DROPPING +0 whip.
  2408 | D:2      | Found Tyifem's Magic Scroll Shop.
  2416 | D:2      | 2416 ||| SHOPLISTING scroll of enchant armour (82 gold,
                  | have 41).
  2416 | D:2      | 2416 ||| BUYING scroll of identify (22 gold).
  2416 | D:2      | Bought a scroll of identify for 22 gold pieces
  2416 | D:2      | 2416 ||| SHOPLISTING scroll of identify (22 gold, have 19).
  2416 | D:2      | 2416 ||| SHOPLISTING scroll of teleportation (33 gold, have
                  | 19).
  2665 | D:2      | 2665 ||| UPGRADING to +0 scale mail.
  2675 | D:2      | 2675 ||| DROPPING +0 ring mail.
  2676 | D:2      | 2676 ||| UPGRADING to amulet of regeneration.
  2681 | D:2      | 2681 ||| DRINKING 2 green potions.
  2682 | D:2      | 2682 ||| READING 2 scrolls of identify.
  2682 | D:2      | 2682 ||| IDENTIFYING orange potion
  2683 | D:2      | 2683 ||| DROPPING potion of brilliance.
  2716 | D:3      | 2716 ||| STAIRDANCE
  2718 | D:2      | 2718 ||| DRINKING potion of curing.
  2718 | D:2      | 2718 ||| (to cure confusion)
  2726 | D:3      | 2726 ||| STAIRDANCE
  2736 | D:3      | HP: 2/23 [frozen (5)]
  2736 | D:3      | Slain by an orc

Levels and vault maps discovered:
D:1:      lightli_arrival_farm, layout_loops_corners, minivault_26,
          minmay_split_cup_small
D:2:      layout_basic, serial_shops, shop
D:3:      layout_rooms, lemuel_round_altar, uniq_jessica, uniq_robin,
          uniq_grinder

Skill      XL: |  1  2  3 |
---------------+----------+-----
Axes           | 3 4 |  4.2
Fighting       | |  3.2
Armour         | |  2.1
Dodging        | |  1.5

Action                   || total
-------------------------++-------
Melee: Hand axe          ||   121
       Punch             ||     2
Invok: Berserk           ||     1
  Use: Scroll            ||    10
       Potion            ||     3
Armor: Animal skin       ||    20
       Scale mail        ||     7
       Ring mail         ||     6
Dodge: Dodged            ||    64

Table legend:
 A = Non-vault XP
 B = Vault XP
 C = Vault XP percentage of total XP
 D = Non-vault monster count
 E = Vault monster count
 F = Vault count percentage of total count
                 A         B        C        D         E       F
            +---------+---------+-------+---------+---------+-------
      Total |      66 |       4 |   5.7 |      39 |       3 |   7.1
            +---------+---------+-------+---------+---------+-------
        D:1 |      40 |       4 |   9.1 |      26 |       3 |  10.3
        D:2 |      26 |       0 |   0.0 |      13 |       0 |   0.0
            +---------+---------+-------+---------+---------+-------
